 Dungeon Crawl Stone Soup version 0.17-a0-1753-g75d4604 (webtiles) character file.

50 kae the Slasher (level 3, 0/24 HPs)
             Began as a High Elf Skald on Sept 2, 2015.
             Succumbed to an adder's poison
             ... on level 2 of the Dungeon.
             The game lasted 00:02:52 (1689 turns).

kae the Slasher (High Elf Skald)                    Turns: 1689, Time: 00:02:53

Health: 0/24       AC:  5    Str: 11    XL:     3   Next: 55%
Magic:  5/7        EV: 11    Int: 15    God:
Gold:   71         SH:  0    Dex: 16    Spells: 1 memorised, 5 levels left

rFire  . . .     SeeInvis .     a - +0 falchion
rCold  . . .     Clarity  .     b - +0 leather armour
rNeg   . . .     SustAt   .     (no shield)
rPois  .         Gourm    .     (no helmet)
rElec  .         Spirit   .     h - +1 cloak {+Inv}
rCorr  .         Warding  .     (no gloves)
rMut   .         Stasis   .     (no boots)
MR     .....                    (no amulet)
Stlth  +.........               (no ring)
                                (no ring)

@: lethally poisoned (0 -> -7), infused (expiring), invisible, not resistant to
hostile enchantments, very unstealthy
A: no striking features
a: no special abilities


You were on level 2 of the Dungeon.
You were not hungry.

You visited 1 branch of the dungeon, and saw 2 of its levels.

You collected 71 gold pieces.

Inventory:

Hand weapons
 a - a +0 falchion (weapon)
Armour
 b - a +0 leather armour (worn)
 h - a +1 cloak of invisibility (worn)
Magical devices
 f - a wand of teleportation (3)
Scrolls
 i - a scroll of blinking {unknown}
 k - 2 scrolls of random uselessness {unknown}
 l - a scroll of identify {unknown}
 m - a scroll of remove curse {unknown}
 n - a scroll of magic mapping {unknown}
Potions
 j - a potion of mutation {unknown}
Books
 c - a book of Battle

   Spells                             Type                      Level
   a - Infusion                       Charms                       1
   b - Shroud of Golubria             Charms/Translocation         2
   c - Song of Slaying                Charms                       2
   d - Spectral Weapon                Hexes/Charms                 3
   e - Regeneration                   Charms/Necromancy            3
Comestibles
 d - 2 bread rations
 o - a slice of pizza
 p - a chunk of flesh


   Skills:
 - Level 2.0 Fighting
 + Level 4.8 Long Blades
 - Level 0.8 Armour
 - Level 1.1 Dodging
 - Level 2.4 Spellcasting
 - Level 3.6 Charms


You had 5 spell levels left.
You knew the following spells:

 Your Spells              Type           Power        Failure   Level  Hunger
a - Infusion              Chrm           ##....       10%         1    #......


Dungeon Overview and Level Annotations

Branches:
Dungeon (2/15)

Altars:
Qazlal
Trog

Annotations:
D:2 1 exclusion


Message History

You barely miss the adder.
The adder is heavily wounded.
You feel sick. The adder bites you.
* * * LOW HITPOINT WARNING * * *
You are more poisoned.
The adder poisons you!
Drink which item? (? for menu, Esc to quit)
You can't drink that!
Drink which item? (? for menu, Esc to quit)
It was a potion of cure mutation.
It has a very clean taste.
The adder misses you. The adder bites you.
* * * LOW HITPOINT WARNING * * *
Drink which item? (? for menu, Esc to quit)
You don't have any such object.
Drink which item? (? for menu, Esc to quit)
You don't have any such object.
Drink which item? (? for menu, Esc to quit)
It was a potion of invisibility.
You fade into invisibility!
You die...

.................
#............# ####
#.##.#.......### .....
..............># .....
................###.....
#.#...#.................#
#.#......###............#
#.#......###.....S.....#
#.#.............@......#
..............##..#....#
......#.......##..#....#
......#.......###..#######
..#####.......# #........#
..#######...### ##.......#
.......##...# ##.......#
.......##...#####........#
....... #...........######


You could see an adder.

Vanquished Creatures
  2 adders (D:2)
  A giant gecko (D:1)
  2 bats (D:1)
  A giant cockroach (D:2)
  5 goblins
  5 hobgoblins
  2 kobolds
  3 giant newts (D:1)
  A quokka (D:2)
  9 rats
31 creatures vanquished.

Notes
Turn   | Place    | Note
--------------------------------------------------------------
     0 | D:1      | kae the High Elf Skald began the quest for the Orb.
     0 | D:1      | Reached XP level 1. HP: 14/14 MP: 4/4
   361 | D:1      | Reached XP level 2. HP: 19/19 MP: 3/6
  1098 | D:2      | Reached skill level 4 in Long Blades
  1125 | D:2      | Found a stormy altar of Qazlal.
  1134 | D:2      | Reached XP level 3. HP: 24/24 MP: 3/7
  1149 | D:2      | Found a bloodstained altar of Trog.
  1523 | D:2      | Noticed a moth of wrath
  1526 | D:2      | Found a bloodstained altar of Trog.
  1688 | D:2      | HP: 1/24 [adder (1)]
  1689 | D:2      | Succumbed to an adder's poison

Vault maps used:
D:1:      dpeg_arrival_rooms_a
D:2:      grunt_temple_overflow_open, tgw_trog

Action                   || total
-------------------------++-------
Melee: Falchion          ||   114
 Cast: Infusion          ||     8
  Use: Potion            ||     3
  Eat: Chunk             ||     3
